 Dungeon Crawl Stone Soup version 0.26-a0-812-g31a745ddcd (webtiles) character file.

Game seed: 11611501077888387253

392 vurker the Gusty (level 6, -9/36 HPs)
             Began as a Tengu Air Elementalist on Nov 26, 2020.
             Was an Initiate of Vehumet.
             Mangled by Blork the orc
             ... wielding a +0 halberd
              (14 damage)
             ... on level 4 of the Dungeon.
             The game lasted 00:06:13 (4048 turns).

vurker the Gusty (Tengu Air Elementalist)           Turns: 4048, Time: 00:06:13

Health: -9/36      AC:  3    Str:  8    XL:     6   Next: 81%
Magic:  7/13       EV: 15    Int: 17    God:    Vehumet [......]
Gold:   149        SH:  0    Dex: 15    Spells: 3/13 levels left

rFire    . . .     SeeInvis .   j - +1 dagger (venom)
rCold    . . .     Faith    .   (no shield)
rNeg     . . .     Spirit   .   a - +0 robe
rPois    +         Reflect  .   (helmet restricted)
rElec    .         Harm     .   (no cloak)
rCorr    .         Rampage  .   q - +0 pair of gloves
MR       .....                  (boots unavailable)
Stlth    ++........             m - amulet of magic regeneration
HPRegen  0.12/turn              l - ring of poison resistance
MPRegen  0.38/turn              (no ring)

@: flying quickly and evasively, slowed, very slow
A: beak, talons 3, able to fly
a: Stop Flying, Renounce Religion


You were on level 4 of the Dungeon.
You worshipped Vehumet.
Vehumet was noncommittal.
You visited 2 branches of the dungeon, and saw 5 of its levels.

You collected 149 gold pieces.

Inventory:

Hand Weapons
 j - a +1 dagger of venom (weapon)
   (You took it off a hobgoblin on level 1 of the Dungeon)
Armour
 a - a +0 robe (worn)
 q - a +0 pair of gloves (worn)
   (You found it on level 3 of the Dungeon)
Magical Staves
 s - an uncursed staff of cold
   (You found it on level 4 of the Dungeon)
Jewellery
 l - a ring of poison resistance (left hand)
   (You found it on level 1 of the Dungeon)
 m - an amulet of magic regeneration (around neck)
   (You found it on level 2 of the Dungeon)
Scrolls
 b - 8 scrolls of identify {unknown}
 d - a scroll of magic mapping {unknown}
 h - 2 scrolls of fog {unknown}
 i - 6 scrolls of remove curse
 k - a scroll of blinking {unknown}
 n - a scroll of amnesia {unknown}
 o - 2 scrolls of enchant armour {unknown}
 p - a scroll of fear {unknown}
Potions
 c - 2 potions of attraction {unknown}
 e - 2 potions of ambrosia {unknown}
 f - 3 potions of degeneration {unknown}
 g - 3 potions of brilliance {unknown}
 r - 2 potions of berserk rage {unknown}
 t - a potion of flight {unknown}


   Skills:
 + Level 2.4 Fighting
 - Level 2.1 Dodging
 - Level 2.0 Stealth
 * Level 4.0 Spellcasting
 + Level 3.7 Conjurations
 * Level 6.5 Air Magic


You had 3 spell levels left.
You knew the following spells:

 Your Spells              Type           Power        Failure   Level
a - Shock                 Conj/Air       ###.         1%          1
b - Lightning Bolt        Conj/Air       ###.......   47%         5
c - Airstrike             Air            ####......   11%         4

Your spell library contained the following spells:

 Spells                   Type           Power        Failure   Level
 Swiftness                Air            ####....     1%          2
 Static Discharge         Conj/Air       ###.....     6%          3


Dungeon Overview and Level Annotations

Branches:
Dungeon (4/15)             Temple (1/1) D:4

Altars:
Cheibriados
Dithmenos
Fedhas
Gozag
Hepliaklqana
Kikubaaqudgha
Ru
Trog
Uskayaw
Vehumet
Yredelemnul

Annotations:
D:3 2 transporters, Lanoc's ghost, weakling DsNe
D:4 Blork the orc


Innate Abilities, Weirdness & Mutations

You have a beak for a mouth.
You have claws for feet.
You can fly continuously.


Message History

Aim: Blork the orc, wielding a +0 halberd and wearing a +0 robe The air twists around and strikes Blork the orc!
Blork the orc looks satisfied for a moment.
Natasha, Servant of Life and Death comes into view.
She is carrying a wand of digging (3).
Natasha moves out of view.
Aim: Blork the orc, wielding a +0 halberd and wearing a +0 robe (heavily wounded)
The zap hits Blork the orc.
You hear an angry hiss.
Blork the orc casts a spell at you. The puff of flame hits you.
Aim: Blork the orc, wielding a +0 halberd and wearing a +0 robe (heavily wounded)
The zap hits Blork the orc.
The zap hits Natasha!
Blork the orc completely misses you.
Aim: Blork the orc, wielding a +0 halberd and wearing a +0 robe (severely wounded)
The zap hits Blork the orc.
Blork the orc casts a spell.
Blork the orc flickers and vanishes!
Deactivating autopickup; reactivate with Ctrl-A.
Natasha drinks a potion.
Natasha seems to speed up.
You hear a zap.
Some rock shatters into small pieces.
Natasha mewls in sadness.
Natasha casts a spell.
You hear some strange, mumbled words.
Natasha zaps a wand.
Some rock shatters into small pieces.
Aim: Natasha, carrying a wand of digging (1) (severely wounded, fast)
The zap hits Natasha.
Natasha casts a spell at you. The magic dart hits you!
Aim: Natasha, carrying a wand of digging (1) (almost dead, fast)
The zap misses Natasha.
Natasha stares at you and mumbles some strange words.
The magic dart hits you!
* * * LOW HITPOINT WARNING * * *
Natasha casts a spell at you.
You feel yourself slow down.
Aim: Natasha, carrying a wand of digging (1) (almost dead, fast)
The zap hits Natasha.
You kill Natasha!
Vehumet accepts your kill.
Natasha screams in pain as she dies!
The shadow imp disappears in a puff of smoke!
Your Spellcasting skill increases to level 4!
The zap hits something.
Unknown command.
Something hits you!
* * * LOW HITPOINT WARNING * * *
Something hits you!
You die...

.(#..#...#..........
....##...(..........
#..........(.####...
...#...###...#<..##
###.#.###.###......<##
####..###.##.##........#.
#####......##.#..............
#..........#......[..........
#...........@................
##.....##....##..............
#.......#.#..#.......#.......
#..##.##.####....#............
#. .# .# #######........### #[
.# .# #>## #............ # ..
# 8...8 #...<...##... #
.....##............
8!....8#.....)......


There were no monsters in sight!

Vanquished Creatures
  Edmund (D:4)
  A vampire bat (D:2)
  Natasha (twice) (D:4)
  An orc wizard (D:3)
  A worker ant (D:4)
  Robin (D:3)
  2 adders
  2 worms
  3 dart slugs
  A leopard gecko (D:3)
  7 orcs
  4 bat skeletons (D:2)
  A bat zombie (D:2)
  7 giant cockroaches
  11 goblins
  13 hobgoblins
  3 quokkas
  10 bats
  6 frilled lizards
  6 kobolds
  A leopard gecko skeleton (D:4)
  4 rats
88 creatures vanquished.

Notes
Turn   | Place    | Note
-------+----------+-------------------------------------------
     0 | D:1      | vurker the Tengu Air Elementalist began the quest for the
                  | Orb.
     0 | D:1      | Reached XP level 1. HP: 10/10 MP: 4/4
   196 | D:1      | Reached XP level 2. HP: 16/16 MP: 1/6
  1070 | D:2      | Reached skill level 1 in Fighting
  1070 | D:2      | Reached XP level 3. HP: 17/20 MP: 0/7
  1335 | D:2      | Found a snail-covered altar of Cheibriados.
  1538 | D:2      | Found a hide-covered altar of Uskayaw.
  1802 | D:2      | Found an ancient bone altar of Kikubaaqudgha.
  1826 | D:2      | Reached skill level 5 in Air Magic
  1826 | D:2      | Reached XP level 4. HP: 25/25 MP: 5/9
  2120 | D:3      | Found a sacrificial altar of Ru.
  2305 | D:3      | Found a transporter.
  2305 | D:3      | Noticed Lanoc's ghost (weakling DsNe)
  2323 | D:3      | Gained mutation: You can fly continuously. [Tengu growth]
  2323 | D:3      | Reached XP level 5. HP: 29/29 MP: 4/10
  2347 | D:3      | Found a transporter.
  2768 | D:3      | Learned a level 5 spell: Lightning Bolt
  2776 | D:3      | Learned a level 4 spell: Airstrike
  2779 | D:3      | Noticed Robin
  2789 | D:3      | Killed Robin
  3094 | D:4      | Noticed Edmund
  3254 | D:4      | Reached XP level 6. HP: 35/35 MP: 4/12
  3338 | D:4      | Noticed Natasha
  3342 | D:4      | Killed Natasha
  3342 | D:4      | Reached skill level 6 in Air Magic
  3435 | D:4      | Killed Edmund
  3768 | D:4      | Found a staircase to the Ecumenical Temple.
  3777 | Temple   | Entered the Ecumenical Temple
  3892 | Temple   | Became a worshipper of Vehumet
  4034 | D:4      | Noticed Blork the orc
  4035 | D:4      | Noticed Natasha
  4046 | D:4      | Killed Natasha
  4048 | D:4      | Mangled by Blork the orc

Illustrated notes

Levels and vault maps discovered:
D:1:      grunt_arrival_lava_bath, layout_loops_ring, minmay_misc_feat_cross,
          minmay_pentomino_v4
D:2:      layout_basic, cheibriados_altar_1, kennysheep_vampire_church,
          eat_drink_and_be_merry_uskayaw
D:3:      layout_loops_ring, nicolae_ru_awakened_eye, gammafunk_ghost_arena,
          uniq_robin
D:4:      layout_cave_pools, nicolae_overflow_hidden_temple,
          lemuel_temple_firewalk_b, uniq_edmund, uniq_blork_the_orc,
          uniq_natasha
Temple:   dpeg_chambers_temple

Skill      XL: |  1  2  3  4  5  6 |
---------------+-------------------+-----
Fighting       | 1 2 |  2.4
Conjurations   | 2 3 |  3.7
Spellcasting   | 3 4 |  4.0
Air Magic      | 5 6 |  6.5
Dodging        | |  2.1
Stealth        | |  2.0

Action                   |  1- 3 |  4- 6 || total
-------------------------+-------+-------++-------
Melee: Unarmed           |     5 |       ||     5
       Kick              |     1 |     3 ||     4
       Peck              |     1 |     1 ||     2
       Dagger            |     2 |     7 ||     9
 Cast: Shock             |    81 |   135 ||   216
       Airstrike         |       |     1 ||     1
 Abil: Fly               |       |     1 ||     1
  Use: Scroll            |     1 |       ||     1
Armor: Robe              |    10 |     2 ||    12
Dodge: Dodged            |    21 |    18 ||    39

Table legend: (Time is in decaauts)
 A = Elapsed time spent in this place.
 B = Non-inter-level travel time spent in this place.
 C = Inter-level travel time spent in this place.
 D = Time resting spent in this place.
 E = Time spent auto-exploring this place.
 F = Levels seen in this place.
 G = Mean time per level.
                   A        B        C        D        E       F      G
               +--------+--------+--------+--------+--------+-----+--------+
         Total |   3965 |   3810 |    155 |      0 |   3256 |   5 |  793.0 |
       Dungeon |   3849 |   3704 |    145 |      0 |   3156 |   4 |  962.2 |
        Temple |    116 |    106 |     10 |      0 |     99 |   1 |  116.0 |
               +--------+--------+--------+--------+--------+-----+--------+

Top non-repeatable levels by time:
     D:2: 1228 daAuts
     D:3: 1001 daAuts
     D:1: 890 daAuts
     D:4: 728 daAuts
  Temple: 116 daAuts
